 Dungeon Crawl Stone Soup version 0.31-a0-237-g2d982f9f85 (webtiles) character file.

Game seed: 4377713042672341189

586 qw the Shooter (level 7, -6/60 HPs)
             Began as a Minotaur Hexslinger on July 10, 2023.
             Mangled by Duvessa
             ... wielding a +2 short sword of holy wrath
              (18 damage)
             ... on level 4 of the Dungeon.
             The game lasted 00:01:09 (2982 turns).

qw the Shooter (Minotaur Hexslinger)                Turns: 2982, Time: 00:01:09

Health: -6/60      AC:  8    Str: 13    XL:     7   Next: 15%
Magic:  7/7        EV: 11    Int: 10    God:
Gold:   175        SH:  0    Dex: 14    Spells: 7/8 levels left

rFire   . . .        k - +1 sling (heavy)
rCold   . . .        (no shield)
rNeg    . . .        f - +0 ring mail
rPois   .            (helmet restricted)
rElec   .            (no cloak)
rCorr   .            i - +2 pair of gloves
SInv    .            (no boots)
Will    .....        (no amulet)
Stlth   +            (no ring)
HPRegen 0.30/turn    (no ring)
MPRegen 0.10/turn

%: no passive effects
@: no status effects
A: horns 2, retaliatory headbutt
a: no special abilities


You were on level 4 of the Dungeon.
You visited 1 branch of the dungeon, and saw 4 of its levels.

You collected 175 gold pieces.


Innate Abilities, Weirdness & Mutations

You have a pair of horns on your head.
You reflexively headbutt those who attack you in melee.


   Skills:
 - Level 4.7 Fighting
 + Level 7.2 Ranged Weapons
 - Level 2.1 Armour
 - Level 2.1 Dodging
 - Level 1.0 Spellcasting
 - Level 2.0 Hexes


You had 7 spell levels left.
You knew the following spells:

 Your Spells              Type           Power      Damage    Failure   Level
a - Slow                  Hex            16%        N/A       32%         1

Your spell library contained the following spells:

 Spells                   Type           Power      Damage    Failure   Level
 Inner Flame              Hex/Fire       2%         N/A       82%         3
 Portal Projectile        Hex/Tloc       4%         N/A       82%         3
 Cause Fear               Hex            2%         N/A       97%         4

Inventory:

Hand Weapons
 k - a +1 heavy sling (weapon)
Armour
 f - a +0 ring mail (worn)
 i - a +2 pair of gloves (worn)
Jewellery
 c - a ring of magical power
 h - a ring of fire
Scrolls
 d - a scroll of blinking {unknown}
 e - a scroll of identify
Potions
 a - a potion of resistance
 b - a potion of haste
 g - 3 potions of curing

Dungeon Overview and Level Annotations

Branches:
Dungeon (4/15)
 Temple: D:4-7

Altars:
Nemelex Xobeh

Shops:
D:1 [

Annotations:
D:3 1 runed translucent door, Crazy Yiuf
D:4 Duvessa


Message History

You shoot a sling bullet.
The sling bullet closely misses the iguana.
The iguana bites you but does no damage.
Duvessa hits you with a +2 short sword of holy wrath.
You shoot a sling bullet. The sling bullet hits the iguana.
The iguana is almost dead.
Duvessa hits you with a +2 short sword of holy wrath!
The iguana bites you but does no damage.
Duvessa hits you with a +2 short sword of holy wrath.
The iguana bites you.
You shoot a sling bullet. The sling bullet hits the iguana.
You kill the iguana!
Duvessa hits you with a +2 short sword of holy wrath!
You shoot a sling bullet.
The sling bullet closely misses Duvessa.
Duvessa gestures with her weapon.
Duvessa hits you with a +2 short sword of holy wrath.
Dowan hits you with a +0 dagger.
You shoot a sling bullet.
The sling bullet hits Duvessa but does no damage.
Duvessa is heavily wounded.
Duvessa closely misses you. Dowan hits you with a +0 dagger.
Duvessa hits you with a +2 short sword of holy wrath.
Dowan closely misses you. You furiously retaliate!
You headbutt Dowan! You shoot a sling bullet.
The sling bullet hits Dowan but does no damage.
Dowan is severely wounded.
Duvessa hits you but does no damage. Dowan hits you but does no damage. x2
Duvessa barely misses you. You furiously retaliate!
You headbutt Duvessa, but do no damage. You shoot a sling bullet.
The sling bullet hits Dowan but does no damage.
Dowan is severely wounded.
Duvessa hits you but does no damage. Dowan hits you with a +0 dagger.
You shoot a sling bullet. The sling bullet hits Dowan!
You kill Dowan!
Duvessa screams in rage.
Duvessa goes berserk!
Duvessa hits you with a +2 short sword of holy wrath!!
You die...

######.........#
.....##
#........## ..
##........# ...
#.........# #<.
###..>......##
##..
#.......#....##..#
#####...........#
###......e.##
#......@)$#
##......#......
#......# .....
..............##
###.............
#...##....# ..
#...###...# .
#.##. ...# #.# .#


You could see Duvessa (berserk).

Vanquished Creatures
  Grinder (D:4)
  Edmund (D:4)
  Dowan (D:4)
  Jessica (D:3)
  2 iguanas (D:4)
  Natasha (thrice) (D:2)
  5 adders
  3 worms
  A dart slug (D:3)
  An orc (D:3)
  4 bats
  12 endoplasms
  2 giant cockroaches
  10 goblins
  11 hobgoblins
  2 jackals (D:3)
  4 quokkas
  7 ball pythons
  A frilled lizard (D:2)
  9 kobolds
  4 rats
85 creatures vanquished.

Notes
Turn   | Place    | Note
-------+----------+-------------------------------------------
     0 | D:1      | qw the Minotaur Hexslinger began the quest for the Orb.
     0 | D:1      | Reached XP level 1. HP: 16/16 MP: 1/1
     0 | D:1      | 0 ||| qw: Version: 0.3-a-52-g30416fa
     0 | D:1      | 0 ||| qw: Game counter: 5085
     0 | D:1      | 0 ||| qw: Melee chars always use a shield: true
     0 | D:1      | 0 ||| qw: God list: Okawaru
     0 | D:1      | 0 ||| qw: Allow faded altars: false
     0 | D:1      | 0 ||| qw: Do Orc after clearing Dungeon:15 true
     0 | D:1      | 0 ||| qw: Do second Lair branch before Depths: true
     0 | D:1      | 0 ||| qw: Lair rune preference: random
     0 | D:1      | 0 ||| qw: Goals: Normal
     0 | D:1      | 0 ||| PLANNING D:1-11
   115 | D:1      | Found Xogox's Armour Boutique.
   120 | D:1      | 120 ||| SHOPLISTING +0 pair of gloves (54 gold, have 0).
   159 | D:1      | Reached skill level 3 in Ranged Weapons
   159 | D:1      | Reached XP level 2. HP: 23/23 MP: 2/2
   503 | D:1      | Reached XP level 3. HP: 29/29 MP: 3/3
   588 | D:1      | 588 ||| UPGRADING to +0 ring mail.
   598 | D:1      | 598 ||| DROPPING +0 robe.
   599 | D:1      | 599 ||| UPGRADING to +2 pair of gloves.
   604 | D:1      | 604 ||| READING scroll labelled ESHRIPNUECO.
   605 | D:1      | 605 ||| READING 2 scrolls labelled RIKKIANTIMAEN.
   606 | D:1      | 606 ||| READING scroll labelled DUIFUHE ROTHRAA.
   607 | D:1      | 607 ||| READING scroll labelled ZAWYIMUHE.
   608 | D:1      | 608 ||| DROPPING scroll of poison.
   674 | D:2      | Reached skill level 4 in Ranged Weapons
   752 | D:2      | Noticed Natasha
   760 | D:2      | HP: 3/29 [Natasha (8)]
   761 | D:2      | Killed Natasha
   762 | D:2      | Reached XP level 4. HP: 5/36 MP: 4/4
   913 | D:2      | Noticed Natasha
   921 | D:2      | Killed Natasha
  1024 | D:2      | Noticed Natasha
  1028 | D:2      | Killed Natasha
  1118 | D:2      | Reached skill level 5 in Ranged Weapons
  1252 | D:2      | Reached XP level 5. HP: 40/41 MP: 5/5
  1313 | D:2      | 1313 ||| DROPPING scarf of shadows.
  1314 | D:2      | 1314 ||| READING scroll labelled EVAK YCVUNIRHY.
  1415 | D:2      | 1415 ||| READING 5 scrolls of identify.
  1415 | D:2      | 1415 ||| IDENTIFYING purple potion
  1416 | D:2      | 1416 ||| READING 4 scrolls of identify.
  1416 | D:2      | 1416 ||| IDENTIFYING viscous purple potion
  1417 | D:2      | 1417 ||| READING 3 scrolls of identify.
  1417 | D:2      | 1417 ||| IDENTIFYING ruby potion
  1418 | D:2      | 1418 ||| DROPPING potion of attraction.
  1574 | D:3      | Noticed Jessica
  1576 | D:3      | Killed Jessica
  1577 | D:3      | Reached skill level 3 in Fighting
  1599 | D:3      | 1599 ||| FLEEEEING.
  1600 | D:3      | 1600 ||| FLEEEEING.
  1680 | D:3      | Found a sparkling altar of Nemelex Xobeh.
  1875 | D:3      | Found a runed translucent door.
  1876 | D:3      | Noticed Crazy Yiuf
  2036 | D:3      | 2036 ||| READING scroll labelled FOTUFIN TAOCU.
  2037 | D:3      | 2037 ||| READING 3 scrolls of identify.
  2037 | D:3      | 2037 ||| IDENTIFYING red potion
  2038 | D:3      | 2038 ||| READING 2 scrolls of identify.
  2038 | D:3      | 2038 ||| IDENTIFYING murky emerald potion
  2039 | D:3      | 2039 ||| DROPPING potion of degeneration.
  2278 | D:4      | Reached XP level 6. HP: 51/51 MP: 6/6
  2433 | D:4      | Noticed Grinder
  2440 | D:4      | Paralysed by Grinder for 2 turns
  2442 | D:4      | Killed Grinder
  2443 | D:4      | Reached skill level 7 in Ranged Weapons
  2625 | D:4      | Noticed Edmund
  2631 | D:4      | HP: 10/51 [Edmund/+3 heavy dire flail (11)]
  2633 | D:4      | Killed Edmund
  2634 | D:4      | Reached XP level 7. HP: 12/60 MP: 7/7
  2966 | D:4      | Noticed Duvessa
  2966 | D:4      | Noticed Dowan
  2979 | D:4      | HP: 11/60 [Duvessa/+2 short sword of holy wrath (5)]
  2982 | D:4      | Killed Dowan
  2982 | D:4      | Mangled by Duvessa

Levels and vault maps discovered:
D:1:      saegor_arrival_simple_e, layout_rooms, serial_shops,
          nicolae_shop_back_alley_shop
D:2:      layout_rooms, uniq_natasha
D:3:      layout_basic, mainiacjoe_overflow_alcove_2, minmay_diced_spiral,
          uniq_crazy_yiuf_cottage, uniq_jessica
D:4:      layout_layer_cave, minmay_misc_feat_x, uniq_edmund, uniq_duvessa,
          uniq_grinder

Skill      XL: |  1  2  3  4  5  6 |
---------------+-------------------+-----
Ranged Weapons | 3 4 5 7 |  7.2
Fighting       | 2 3 4 |  4.7
Armour         | 2 |  2.1
Dodging        | |  2.1
Spellcasting   | |  1.0
Hexes          | |  2.0

Action                     |  1- 3 |  4- 6 |  7- 9 || total
---------------------------+-------+-------+-------++-------
   Fire: Sling             |   109 |   127 |    17 ||   253
    Use: Scroll            |     4 |     7 |       ||    11
 Armour: Robe              |     5 |       |       ||     5
         Ring mail         |    12 |    24 |    11 ||    47
  Dodge: Dodged            |    24 |    38 |     9 ||    71

Table legend:
 A = Non-vault XP
 B = Vault XP
 C = Vault XP percentage of total XP
 D = Non-vault monster count
 E = Vault monster count
 F = Vault count percentage of total count
                 A         B        C        D         E       F
            +---------+---------+-------+---------+---------+-------
      Total |     340 |     571 |  62.7 |      76 |       9 |  10.6
            +---------+---------+-------+---------+---------+-------
        D:1 |      46 |       0 |   0.0 |      27 |       0 |   0.0
        D:2 |     119 |      35 |  22.7 |      19 |       1 |   5.0
        D:3 |      81 |      43 |  34.7 |      22 |       5 |  18.5
        D:4 |      94 |     493 |  84.0 |       8 |       3 |  27.3
            +---------+---------+-------+---------+---------+-------
